 Dungeon Crawl Stone Soup version 0.28-a0-941-g140ffa10cf (webtiles) character file.

Game seed: 15383749959941850437

653 MacCMillion the Chopper (level 7, 0/43 (61) HPs)
             Began as a Hill Orc Fighter on Nov 29, 2021.
             Was a Believer of Kikubaaqudgha.
             Killed by divine providence
             ... invoked by an orc priest
              (15 damage)
             ... on level 5 of the Dungeon.
             The game lasted 00:14:06 (3102 turns).

MacCMillion the Chopper (Hill Orc Fighter)          Turns: 3102, Time: 00:14:07

HP:   0/43 (61)     AC:  7    Str: 20    XL:     7   Next: 54%
MP:   9/9           EV: 11    Int:  9    God:    Kikubaaqudgha [**....]
Gold: 148           SH:  4    Dex: 10    Spells: 8/9 levels left

rFire   . . .      SeeInvis .   a - +0 war axe
rCold   . . .      Faith    .   c - +0 buckler
rNeg    . . .      Spirit   .   j - +1 troll leather armour
rPois   .          Reflect  .   B - +0 helmet
rElec   .          Harm     .   (no cloak)
rCorr   .          Rampage  .   (no gloves)
Will    .....                   (no boots)
Stlth   +.........              (no amulet)
HPRegen 0.94/turn               (no ring)
MPRegen 0.11/turn               (no ring)

@: mighty, studying Dodging, very heavily drained
A: no striking features
a: Renounce Religion, Convert to Beogh, Receive Corpses


You were on level 5 of the Dungeon.
You worshipped Kikubaaqudgha.
Kikubaaqudgha was pleased with you.
You visited 1 branch of the dungeon, and saw 5 of its levels.

You collected 148 gold pieces.

Inventory:

Hand Weapons
 a - a +0 war axe (weapon)
Missiles
 l - 4 curare-tipped darts
 n - 128 stones
 A - 17 poisoned darts
Armour
 b - a +0 scale mail
 c - a +0 buckler (worn)
 j - a +1 troll leather armour (worn)
 q - a +0 scale mail of poison resistance
 B - a +0 helmet (worn)
Jewellery
 v - an amulet of faith
Scrolls
 f - a scroll of enchant weapon
 g - 2 scrolls of magic mapping
 h - 2 scrolls of amnesia
 i - a scroll of acquirement
 m - a scroll of fear
 r - a scroll of torment {unknown}
 u - a scroll of brand weapon {unknown}
 y - a scroll of teleportation {unknown}
 C - a scroll of immolation {unknown}
Potions
 e - a potion of haste
 k - a potion of flight
 o - a potion of brilliance
 s - a potion of degeneration
 w - a potion of attraction {unknown}
 x - a potion of resistance {unknown}
 z - a potion of mutation {unknown}


   Skills:
 + Level 5.0 Fighting
 + Level 5.9 Axes
 - Level 5.0 Armour
 - Level 4.0 Shields
 + Level 1.9 Spellcasting
 + Level 3.3 Necromancy


You had 8 spell levels left.
You knew the following spells:

 Your Spells              Type           Power      Damage    Failure   Level
a - Pain                  Necr           24%        1d5       10%         1

Your spell library contained the following spells:

 Spells                   Type           Power      Damage    Failure   Level
 Animate Skeleton         Necr           12%        N/A       10%         1
 Sublimation of Blood     Necr           6%         N/A       14%         2
 Vampiric Draining        Necr           6%         2d6       28%         3
 Cause Fear               Hex            0%         N/A       98%         4
 Dragon Form              Tmut           0%         N/A       100%        7
 Dragon's Call            Summ           0%         N/A       100%        9


Dungeon Overview and Level Annotations

Branches:
Dungeon (5/15)             Temple (0/1) D:5

Altars:
Kikubaaqudgha


Message History

Throw: 17 darts (poison)
Press: ? - help, Shift-Dir - straight line, f/p - orc warrior
Aim: an orc warrior, wielding a +2 dire flail of draining and wearing a +0 chain mail (heavily wounded, wandering, hasn't noticed you, 53% to hit)
Okay, then.
Throw: 5 darts (curare)
Press: ? - help, Shift-Dir - straight line, f/p - orc warrior
Aim: an orc warrior, wielding a +2 dire flail of draining and wearing a +0 chain mail (heavily wounded, wandering, hasn't noticed you, 53% to hit)
You throw a curare-tipped dart.
The curare-tipped dart barely misses the orc warrior.
You feel very mighty all of a sudden.
The orc warrior hits you with a +2 dire flail of draining!
You feel drained.
You barely miss the orc warrior.
The orc warrior is heavily wounded.
The orc warrior hits you with a +2 dire flail of draining!
You feel drained.
The orc priest shouts!
The orc priest shouts, "Join the one true god or die!" (press Y on the ability menu to convert to Beogh)
You barely miss the orc warrior.
The orc warrior is heavily wounded.
You hear a shout!
The orc warrior completely misses you. You block the orc warrior's attack.
You closely miss the orc warrior.
The orc warrior is heavily wounded.
The orc priest shouts, "Surrender to Beogh and we'll let you live!"
The orc warrior hits you with a +2 dire flail of draining!!
* * * LOW HITPOINT WARNING * * *
You feel drained.
* * * LOW HITPOINT WARNING * * *
You barely miss the orc warrior.
The orc warrior is heavily wounded.
An orc priest comes into view. It is wielding a +0 hand axe.
The orc warrior barely misses you.
Okay, then.
You feel better.
The orc priest mumbles some strange prayers to Beogh against you.
Beogh smites you!
You die...
Kikubaaqudgha rasps: "You have failed me!
Welcome... death!"

#.# ************#... #.#
*,,,*,,,*,,,#...
#####.####,⌠,,,⌠,,,⌠,**#.
#........#,,,*,,,*,,,* #.
#)###.####*****,****** #.
#.# #....#,,,*,,,*,,,* #.
#.# ######,⌠,,,>,,,⌠,###.
#.# ###,,,*,,,*,,,#... #.#
#@#*,***,*****#...
####.######o#,,,*,,,*,,,#...
#....o....oo#,⌠,*,⌠,,,⌠,#...
####.########,,,*,,,*,,,#...
### **,**########...
*******,,**#..........
*,,,,,,,,,*#######....
*,,,,,,,,,*******#....
*,,,,,,,,,**,,,,,#####


You could see an orc warrior and 2 orc priests.

Vanquished Creatures
  An ogre (D:4)
  A centaur (D:3)
  A phantom (D:5)
  A wyvern skeleton (D:5)
  A water moccasin skeleton (D:4)
  A hound (D:4)
  A bullfrog skeleton (D:5)
  An iguana (D:5)
  2 orc wizards (D:5)
  Natasha (twice) (D:3)
  A howler monkey zombie (D:5)
  5 adders
  A worm (D:2)
  4 dart slugs
  3 orcs
  5 endoplasms
  A giant cockroach (D:2)
  10 hobgoblins
  A jackal (D:5)
  10 kobolds
  A quokka (D:2)
  6 ball pythons
  4 bats
  6 frilled lizards
  3 goblins (D:2)
  9 rats
82 creatures vanquished.

Notes
Turn   | Place    | Note
-------+----------+-------------------------------------------
     0 | D:1      | MacCMillion the Hill Orc Fighter began the quest for the
                  | Orb.
     0 | D:1      | Reached XP level 1. HP: 19/19 MP: 1/1
   107 | D:1      | Found a faded altar of an unknown god.
   116 | D:1      | Prayed at the altar of an unknown god.
   116 | D:1      | Became a worshipper of Kikubaaqudgha
   116 | D:1      | Reached * piety under Kikubaaqudgha
   116 | D:1      | Received a gift from Kikubaaqudgha
   179 | D:1      | Reached XP level 2. HP: 25/27 MP: 2/2
   745 | D:1      | Reached XP level 3. HP: 33/33 MP: 3/3
  1199 | D:2      | Reached ** piety under Kikubaaqudgha
  1507 | D:2      | Reached XP level 4. HP: 40/40 MP: 4/4
  1767 | D:3      | Noticed Natasha
  1783 | D:3      | Learned a level 1 spell: Pain
  1810 | D:3      | Killed Natasha
  1907 | D:3      | Noticed a centaur
  1915 | D:3      | Killed a centaur
  1916 | D:3      | Reached skill level 1 in Necromancy
  1916 | D:3      | Reached XP level 5. HP: 29/47 MP: 5/5
  2165 | D:3      | Noticed Natasha
  2178 | D:3      | Killed Natasha
  2179 | D:3      | Reached skill level 5 in Fighting
  2179 | D:3      | Reached XP level 6. HP: 49/56 MP: 4/6
  2417 | D:4      | Noticed a two-headed ogre
  2691 | D:5      | Entered Level 5 of the Dungeon
  2737 | D:5      | Reached skill level 5 in Axes
  2745 | D:5      | Reached skill level 5 in Armour
  2745 | D:5      | Reached skill level 1 in Spellcasting
  2746 | D:5      | Reached XP level 7. HP: 39/61 MP: 8/8
  3036 | D:5      | Identified a scroll of acquirement
  3100 | D:5      | HP: 2/43 [orc warrior (4)]
  3102 | D:5      | Killed from afar by an orc priest

Illustrated notes

Levels and vault maps discovered:
D:1:      saegor_arrival_simple_b, layout_loops_ring,
          hellmonk_ecumenical_altar_crossroads
D:2:      layout_basic, minmay_joined_circles
D:3:      layout_loops_ring, minmay_quadrilaterals, uniq_natasha
D:4:      layout_cave_pools
D:5:      layout_basic, minmay_temple_entry_nine_rooms,
          minmay_misc_feat_more_columns, minmay_manual_maat

Skill      XL: |  1  2  3  4  5  6  7 |
---------------+----------------------+-----
Axes           | 3 4 5 |  5.9
Fighting       | 4 5 |  5.0
Shields        | 4 |  4.0
Armour         | 4 5 |  5.0
Necromancy     | 1 2 3 |  3.3
Spellcasting   | 1 |  1.9

Action                   |  1- 3 |  4- 6 |  7- 9 || total
-------------------------+-------+-------+-------++-------
Melee: War axe           |   102 |   172 |    50 ||   324
Throw: Dart              |       |     7 |     1 ||     8
 Cast: Pain              |       |    13 |     2 ||    15
  Use: Scroll            |       |     9 |     3 ||    12
       Potion            |       |     1 |     3 ||     4
Armor: Scale mail        |    18 |       |       ||    18
       Troll leather arm |    21 |    49 |    11 ||    81
Dodge: Dodged            |    61 |   117 |    24 ||   202
Block: Buckler           |    20 |    36 |     9 ||    65

Table legend: (Time is in decaauts)
 A = Elapsed time spent in this place.
 B = Non-inter-level travel time spent in this place.
 C = Inter-level travel time spent in this place.
 D = Time resting spent in this place.
 E = Time spent auto-exploring this place.
 F = Levels seen in this place.
 G = Mean time per level.
                   A        B        C        D        E       F      G
               +--------+--------+--------+--------+--------+-----+--------+
         Total |   3205 |   3043 |    162 |     92 |   2003 |   5 |  641.0 |
       Dungeon |   3205 |   3043 |    162 |     92 |   2003 |   5 |  641.0 |
               +--------+--------+--------+--------+--------+-----+--------+

Top non-repeatable levels by time:
     D:1: 980 daAuts
     D:2: 751 daAuts
     D:3: 748 daAuts
     D:5: 417 daAuts
     D:4: 308 daAuts
